 Dungeon Crawl Stone Soup version 0.21-a0-140-g479285b (webtiles) character file.

6 drasked the Skirmisher (level 1, 0/20 HPs)
             Began as a Hill Orc Monk on July 22, 2017.
             Slain by a goblin
             ... wielding a +0 club
              (3 damage)
             ... on level 1 of the Dungeon.
             The game lasted 00:00:35 (134 turns).

drasked the Skirmisher (Hill Orc Monk)               Turns: 134, Time: 00:00:36

Health: 0/20       AC:  2    Str: 13    XL:     1   Next: 90%
Magic:  1/1        EV: 13    Int: 10    God:
Gold:   0          SH:  0    Dex: 13    Spells: 0/0 levels left

rFire    . . .     SeeInvis .   a - +0 mace
rCold    . . .     Gourm    .   (no shield)
rNeg     . . .     Faith    .   b - +0 robe
rPois    .         Spirit   .   (no helmet)
rElec    .         Reflect  .   (no cloak)
rCorr    .         Harm     .   (no gloves)
MR       .....                  (no boots)
Stlth    ++........             (no amulet)
HPRegen  0.06/turn              (no ring)
MPRegen  0.07/turn              (no ring)

@: no status effects
A: no striking features
a: no special abilities


You were on level 1 of the Dungeon.
You were not hungry.

You visited 1 branch of the dungeon, and saw 1 of its levels.

Inventory:

Hand Weapons
 a - a +0 mace (weapon)
Armour
 b - a +0 robe (worn)
Scrolls
 d - a scroll of amnesia {unknown}
Potions
 e - a potion of brilliance {unknown}
 f - a potion of resistance {unknown}
Comestibles
 c - a bread ration {@e1}


   Skills:
 + Level 3.7 Fighting
 * Level 3.6 Maces & Flails
 + Level 0.2 Armour
 - Level 2.4 Dodging
 - Level 1.5 Stealth


You couldn't memorise any spells.
You didn't know any spells.

Dungeon Overview and Level Annotations

Branches:
Dungeon (1/15)

Altars:


Message History

Welcome, drasked the Hill Orc Monk.
Will you be the one to retrieve the fabulous Orb of Zot from the depths?
Found a scroll labeled ZEAT GUMNAYSA.
Found a staircase leading out of the dungeon.
Unknown command.
A bat comes into view.
An ooze comes into view.
Found a stone staircase leading down.
The helpless ooze fails to defend itself.
You sock the ooze! The bat hits you. The ooze hits you.
You take 4 damage, and have 15/19 hp.
MASSIVE DAMAGE!!
You hit the ooze. The bat closely misses you. The ooze barely misses you.
You sock the ooze!
You kill the ooze!
The bat hits you but does no damage. The bat barely misses you.
You thump the bat!
You kill the bat!
No target in view!
d - a scroll labeled ZEAT GUMNAYSA A bat comes into view.
A bat is nearby!
The bat hits you but does no damage.
You hit the bat. The bat hits you. The bat closely misses you.
You take 1 damage, and have 16/20 hp.
The bat barely misses you.
You barely miss the bat. The bat closely misses you.
The bat closely misses you.
You hit the bat.
You kill the bat!
No target in view!
e - a yellow potion
Found a stone staircase leading down.
f - a fizzy puce potion You regained 2 hp, and now have 19/20 hp.
No target in view!
No target in view!
You enter a teleport trap!
The teleport trap disappears.
Your surroundings suddenly seem different.
Health restored: 20 A goblin comes into view.
It is wielding a club.
A goblin is nearby!
The goblin shouts!
A goblin comes into view. It is wielding a club.
The goblin shouts!
A hobgoblin comes into view.
The hobgoblin moves out of view.
Found a stone staircase leading down.
You closely miss the goblin. The goblin hits you with a club.
You take 5 damage, and have 15/20 hp.
MASSIVE DAMAGE!!
You hit the goblin but do no damage. The goblin hits you with a club.
You take 2 damage, and have 13/20 hp.
You closely miss the goblin. The goblin closely misses you.
The goblin hits you with a club.
You take 4 damage, and have 9/20 hp.
You are too injured to fight recklessly!
You are too injured to fight recklessly!
You are too injured to fight recklessly!
Unknown command.
You closely miss the goblin. The goblin barely misses you.
The goblin completely misses you. The goblin hits you but does no damage.
You hit the goblin. The goblin hits you with a club!
* * * LOW HITPOINT WARNING * * *
The goblin hits you with a club.
You die...

..# .# ..# > #.# ..#
.# #.##+.# ..
##.#...## .#.#
.#######.......#...
................#.#.#
.............@g......
.......+......g.#.#.#
#...####............
... #........#### #
......#..$..##
##.#####...## # ##+##


You could see 2 goblins.

Vanquished Creatures
  An ooze (D:1)
  2 bats (D:1)
3 creatures vanquished.

Notes
Turn   | Place    | Note
-------+----------+-------------------------------------------
     0 | D:1      | drasked the Hill Orc Monk began the quest for the Orb.
     0 | D:1      | Reached XP level 1. HP: 19/19 MP: 1/1
   134 | D:1      | HP: 3/20 [goblin/club (7)]
   134 | D:1      | Slain by a goblin

Vault maps used:
D:1:      dpeg_arrival_central, serial_bayou_pond_a, st_stairs_10

Action                   || total
-------------------------++-------
Melee: Mace              ||    12
 Stab: Sleeping          ||     1
Armor: Robe              ||     2
Dodge: Dodged            ||    10

Vault maps used:
D:1:      dpeg_arrival_central, serial_bayou_pond_a, st_stairs_10

Table legend:
 A = Turns spent in this place as a percentage of turns spent in the entire game.
 B = Non-inter-level travel turns spent in this place as a percentage of non-inter-level travel turns spent in the entire game.
 C = Inter-level travel turns spent in this place as a percentage of turns spent in this place.
 D = Turns resting spent in this place as a percentage of non-inter-level travel turns spent in this place.
 E = Turns spent auto-exploring this place as a percentage of non-inter-level travel turns spent in this place.
 F = Non-inter-level travel turns spent in this place divided by the number of levels of this place that you've seen.
                   A       B       C       D       E      F
               +-------+-------+-------+-------+-------+----------------------
         Total | 100.0 | 100.0 |   0.0 |   0.0 |  15.1 |  53.0
       Dungeon | 100.0 | 100.0 |   0.0 |   0.0 |  15.1 |  53.0
               +-------+-------+-------+-------+-------+----------------------

Table legend:
 A = Kills in this place as a percentage of kills in entire the game.
 B = Kills by you in this place as a percentage of kills by you in the entire game.
 C = Kills by friends in this place as a percentage of kills by friends in the entire game.
 D = Other kills in this place as a percentage of other kills in the entire game.
 E = Experience gained in this place as a percentage of experience gained in the entire game.
 F = Experience gained in this place divided by the number of levels of this place that you have seen.
                   A       B       C       D       E      F
               +-------+-------+-------+-------+-------+----------------------
         Total | 100.0 | 100.0 |  -nan |  -nan | 100.0 |   9.0
       Dungeon | 100.0 | 100.0 |  -nan |  -nan | 100.0 |   9.0
               +-------+-------+-------+-------+-------+----------------------
